 Dungeon Crawl Stone Soup version 0.32-a0-918-g0f22ef8d61 (webtiles) character file.

Game seed: 10205036066546033613

153 mopl the Slasher (level 5, 0/41 HPs)
             Began as a Merfolk Fighter on Apr 10, 2024.
             Slain by Edmund
             ... wielding a +2 dire flail of protection
              (11 damage)
             ... on level 4 of the Dungeon.
             The game lasted 00:03:27 (2117 turns).

mopl the Slasher (Merfolk Fighter)                  Turns: 2117, Time: 00:03:28

Health: 0/41       AC: 12    Str: 19    XL:     5   Next: 35%
Magic:  0/5        EV:  4    Int:  7    God:
Gold:   30         SH:  4    Dex: 13    Spells: 4/4 levels left

rFire   . . .        b - +1 short sword (venom)
rCold   + . .        c - +0 buckler
rNeg    . . .        j - +0 plate armour
rPois   .            (no helmet)
rElec   .            (no cloak)
rCorr   .            (no gloves)
SInv    .            h - +0 pair of boots
Will    .....        f - amulet of guardian spirit Stlth
                     k - ring of protection from cold
HPRegen 0.26/turn    (no ring)
MPRegen 0.09/turn

%: guardian spirit
@: studying Maces & Flails
A: (nimble swimmer 2), mertail
a: no special abilities


You were on level 4 of the Dungeon.
You visited 1 branch of the dungeon, and saw 4 of its levels.

You collected 205 gold pieces.
You spent 175 gold pieces at shops.

Inventory:

Hand Weapons
 a - a +0 long sword
 b - a +1 short sword of venom (weapon)
Missiles
 m - a poisoned dart (quivered)
 p - 3 boomerangs
Armour
 c - a +0 buckler (worn)
 h - a +0 pair of boots (worn)
 j - a +0 plate armour (worn)
Jewellery
 f - an amulet of guardian spirit (around neck)
 k - a ring of protection from cold (left hand)
 v - a ring of fire
Scrolls
 g - 4 scrolls of identify {unknown}
 i - a scroll of noise {unknown}
 l - 4 scrolls of teleportation {unknown}
 o - a scroll of immolation {unknown}
 u - a scroll of fog {unknown}
Potions
 d - 2 potions of might
 e - 6 potions of curing {unknown}
 n - a potion of lignification {unknown}
 q - a potion of attraction {unknown}
 r - a potion of heal wounds
 s - a potion of brilliance
 t - a potion of berserk rage {!q}


   Skills:
 - Level 3.2 Fighting
 + Level 6.5 Long Blades
 - Level 2.1 Armour
 - Level 3.0 Shields


You had 4 spell levels left.
You didn't know any spells.
Your spell library contained the following spells:

 Spells                   Type           Power      Damage    Failure   Level
 Ensorcelled Hibernation  Hex/Ice        0%         N/A       100%        2
 Fugue of the Fallen      Necr           0%         N/A       100%        3
 Anguish                  Hex/Necr       0%         N/A       100%        4
 Animate Dead             Necr           0%         N/A       100%        4
 Borgnjor's Vile Clutch   Necr/Erth      0%         N/A       100%        5
 Death Channel            Necr           0%         N/A       100%        6


Dungeon Overview and Level Annotations

Branches:
Dungeon (4/15)
 Temple: D:4-7

Altars:
Hepliaklqana
Trog

Shops:
D:1 ***!

Annotations:
D:4 Edmund


Innate Abilities, Weirdness & Mutations

((You are very nimble when in or above water. (Stealth+, EV+, Speed+++)))
Your lower body shifts to a powerful aquatic tail in water.


Message History

You throw a poisoned dart. The poisoned dart barely misses Edmund.
You throw a poisoned dart. The poisoned dart hits Edmund.
You throw a poisoned dart. The poisoned dart barely misses Edmund.
You throw a poisoned dart. The poisoned dart hits Edmund.
Edmund is poisoned.
Edmund looks rather jealous.
You throw a poisoned dart. The poisoned dart barely misses Edmund.
You hit Edmund but do no damage.
Edmund is lightly wounded.
You block Edmund's attack.
You hit Edmund but do no damage.
Edmund looks even sicker.
Edmund is lightly wounded.
Edmund hits you with a +2 dire flail of protection!
You barely miss Edmund.
Edmund is lightly wounded.
Edmund hits you with a +2 dire flail of protection.
You closely miss Edmund.
Edmund is lightly wounded.
Edmund hits you with a +2 dire flail of protection.
You hit Edmund but do no damage.
Edmund looks as sick as possible!
Edmund is moderately wounded.
You block Edmund's attack.
You hit Edmund but do no damage.
Edmund is moderately wounded.
You closely miss Edmund.
Edmund is moderately wounded.
Edmund hits you with a +2 dire flail of protection.
You closely miss Edmund.
Edmund is moderately wounded.
Edmund hits you with a +2 dire flail of protection!
You are too injured to fight recklessly!
You are too injured to fight recklessly!
Edmund attacks as he pursues you! Edmund hits you but does no damage.
Edmund attacks as he pursues you!
Edmund hits you with a +2 dire flail of protection!
* * * LOW HITPOINT WARNING * * *
Edmund attacks as he pursues you! You block Edmund's attack.
Edmund attacks as he pursues you!
Edmund hits you with a +2 dire flail of protection!
You die...
Edmund whines, "They better pay attention to me now!"

#..# #.##.#.# #.(#
#.#.##.#.# #..#
#.#.##.#.# #.(#
#.#.##.#.# #(.#
#.#.##.#.# #..#
#.#.##.#.#### #..#
#.#.........#
#..####.####.#.#.##
#........@@..#[#.#
#.#####.######.#.#
#.#####.# ..#.#
#.......# ###.#
######### #.# #.#


You could see Edmund (very poisoned).

Vanquished Creatures
  A bombardier beetle (D:3)
  An iguana (D:3)
  4 adders
  A dart slug (D:4)
  2 ribbon worms (D:2)
  5 orcs (D:3)
  6 bats
  4 endoplasms
  2 giant cockroaches
  3 goblins
  4 hobgoblins
  3 quokkas
  7 ball pythons
  5 kobolds
  5 rats
53 creatures vanquished.

Notes
Turn   | Place    | Note
-------+----------+-------------------------------------------
     0 | D:1      | mopl the Merfolk Fighter began the quest for the Orb.
     0 | D:1      | Reached XP level 1. HP: 18/18 MP: 1/1
    66 | D:1      | Reached skill level 3 in Long Blades
    99 | D:1      | Found Kefil's Distillery.
   117 | D:1      | Bought a potion of degeneration for 12 gold pieces
   124 | D:1      | Reached XP level 2. HP: 24/24 MP: 2/2
   147 | D:1      | Found Upuacsyasm's General Store.
   167 | D:1      | Found Zoost's General Store.
   219 | D:1      | Found Goahib's General Store.
   481 | D:2      | Reached skill level 4 in Long Blades
   601 | D:2      | Reached XP level 3. HP: 29/29 MP: 3/3
  1025 | D:3      | Found a hazy altar of Hepliaklqana.
  1070 | D:3      | Reached skill level 5 in Long Blades
  1070 | D:3      | Reached XP level 4. HP: 35/35 MP: 2/4
  1329 | D:3      | Reached skill level 6 in Long Blades
  1329 | D:3      | Reached XP level 5. HP: 17/41 MP: 2/5
  1604 | D:3      | Found a bloodstained altar of Trog.
  1905 | D:1      | Bought a potion of heal wounds for 60 gold pieces
  1905 | D:1      | Bought a potion of brilliance for 48 gold pieces
  1945 | D:1      | Bought a potion of berserk rage for 55 gold pieces
  2082 | D:4      | Noticed Edmund
  2117 | D:4      | Slain by Edmund

Illustrated notes

Levels and vault maps discovered:
D:1:      grunt_arrival_crossed_arrows, layout_rooms, serial_shops,
          nicolae_shop_just_a_little_nook, shop, nicolae_square_shop, shop,
          minmay_hexomino_f4
D:2:      layout_rooms
D:3:      minmay_door_path, layout_basic, trog_book, amcnicky_altar_gilded
D:4:      layout_basic, cheibrodos_ashenzari_chains, minmay_temple_entry_waves,
          uniq_robin, uniq_grinder, uniq_edmund

Skill      XL: |  1  2  3  4 |
---------------+-------------+-----
Long Blades    | 3 4 5 6 |  6.5
Fighting       | |  3.2
Armour         | |  2.1
Shields        | |  3.0

Action                     |  1- 3 |  4- 6 || total
---------------------------+-------+-------++-------
  Melee: Long sword        |    81 |       ||    81
         Short sword       |     6 |    96 ||   102
  Throw: Dart              |       |     5 ||     5
 Armour: Scale mail        |    35 |       ||    35
         Plate armour      |    60 |    77 ||   137
  Dodge: Dodged            |    17 |    13 ||    30
  Block: Buckler           |    32 |    17 ||    49

Table legend: (Time is in decaauts)
 A = Elapsed time spent in this place.
 B = Non-inter-level travel time spent in this place.
 C = Inter-level travel time spent in this place.
 D = Time resting spent in this place.
 E = Time spent auto-exploring this place.
 F = Levels seen in this place.
 G = Mean time per level.
                   A        B        C        D        E       F      G
               +--------+--------+--------+--------+--------+-----+--------+
         Total |   2124 |   1818 |    306 |     75 |   1312 |   4 |  531.0 |
       Dungeon |   2124 |   1818 |    306 |     75 |   1312 |   4 |  531.0 |
               +--------+--------+--------+--------+--------+-----+--------+

Top non-repeatable levels by time:
     D:3: 927 daAuts
     D:1: 607 daAuts
     D:2: 485 daAuts
     D:4: 102 daAuts
